 Dungeon Crawl Stone Soup version 0.30-a0-859-gf88a04b62d (webtiles) character file.

Game seed: 7078583958477644821

126 BubbleThief the Grave Robber (level 4, -3/30 HPs)
             Began as a Demonspawn Necromancer on Mar 6, 2023.
             Slain by a water moccasin (8 damage)
             ... on level 4 of the Dungeon.
             The game lasted 00:04:26 (3210 turns).

BubbleThief the Grave Robber (DsNe)                 Turns: 3210, Time: 00:04:26

Health: -3/30      AC:  3    Str:  8    XL:     4   Next: 84%
Magic:  1/8        EV: 12    Int: 16    God:
Gold:   146        SH:  0    Dex: 16    Spells: 1/9 levels left

rFire   . . .      SeeInvis .    n - +0 great sword
rCold   . . .      Faith    .    (shield currently unavailable)
rNeg    . . .      Spirit   .    a - +0 robe
rPois   .          Reflect  .    (helmet restricted)
rElec   .          Rampage  .    r - +0 cloak
rCorr   .                        (no gloves)
Will    .....                    (no boots)
Stlth   ++                       (no amulet)
HPRegen 0.25/turn                q - ring of flight
MPRegen 0.11/turn                (no ring)

@: lethally poisoned (-3 -> -4), flying
A: horns 1
a: no special abilities


You were on level 4 of the Dungeon.
You visited 1 branch of the dungeon, and saw 4 of its levels.

You collected 146 gold pieces.

Inventory:

Hand Weapons
 d - a +0 dagger
 n - a +0 great sword (weapon)
Missiles
 j - a throwing net
Armour
 a - a +0 robe (worn)
 r - a +0 cloak (worn)
Jewellery
 q - a ring of flight (left hand)
Scrolls
 e - 3 scrolls of teleportation {unknown}
 g - a scroll of vulnerability {unknown}
 l - a scroll of fear {unknown}
 o - a scroll of blinking {unknown}
 p - a scroll of enchant armour {unknown}
 s - a scroll of immolation {unknown}
Potions
 b - a potion of magic
 c - a potion of resistance {unknown}
 f - 2 potions of curing
 h - 2 potions of ambrosia {unknown}
 i - a potion of lignification {unknown}
 k - a potion of degeneration {unknown}
 m - 3 potions of heal wounds {unknown}


   Skills:
 - Level 1.7 Dodging
 - Level 1.7 Stealth
 + Level 3.1 Spellcasting
 * Level 6.1 Necromancy


You had one spell level left.
You knew the following spells:

 Your Spells              Type           Power      Damage    Failure   Level
a - Necrotise             Necr           88%        1d8       1%          1
b - Vampiric Draining     Necr           22%        2d7       4%          3
c - Animate Dead          Necr           22%        N/A       14%         4

Your spell library contained the following spells:

 Spells                   Type           Power      Damage    Failure   Level
 Cigotuvi's Dreadful Rot  Necr/Pois/Air  18%        N/A       12%         2
 Dispel Undead            Necr           22%        3d12      14%         4
 Agony                    Necr           22%        N/A       38%         5
 Portal Projectile        Hex/Tloc       4%         N/A       50%         3
 Tukima's Dance           Hex            2%         N/A       50%         3
 Death Channel            Necr           11%        N/A       92%         6
 Blade Hands              Tmut           1%         N/A       99%         5


Dungeon Overview and Level Annotations

Branches:
Dungeon (4/15)
 Temple: D:4-7

Altars:


Innate Abilities, Weirdness & Mutations

You have a pair of small horns on your head.


Message History

Press: ? - help, Q - select action, (/) - cycle Shift-Dir - straight line, f/p - killer bee
Aim: a killer bee (severely wounded, chance to affect: 84%)
The killer bee barely resists.
The killer bee closely misses you. The killer bee stings you!
Unknown command.
Aiming: Necrotise (safe; 1% risk of failure)
Press: ? - help, Q - select action, (/) - cycle Shift-Dir - straight line, f/p - killer bee
Aim: a killer bee (severely wounded, chance to affect: 84%)
The killer bee writhes in agony.
The killer bee closely misses you. The killer bee stings you.
You are poisoned.
The killer bee poisons you!
Aiming: Necrotise (safe; 1% risk of failure)
Press: ? - help, Q - select action, (/) - cycle Shift-Dir - straight line, f/p - killer bee
Aim: a killer bee (severely wounded, chance to affect: 84%)
The killer bee writhes in agony.
You kill the killer bee!
You feel sick.
Your Spellcasting skill increases to level 3!
Your Necromancy skill increases to level 6!
You slash the water moccasin!
The water moccasin is moderately wounded.
You feel very sick. The water moccasin closely misses you.
The water moccasin bites you but does no damage.
The water moccasin barely misses you.
You aren't carrying any items that you can evoke.
Unknown command.
You miss the water moccasin.
You headbutt the water moccasin, but do no damage.
The water moccasin is moderately wounded.
You feel sick. The water moccasin closely misses you.
The water moccasin bites you.
* * * LOW HITPOINT WARNING * * *
Unknown command.
You closely miss the water moccasin. You headbutt the water moccasin.
The water moccasin is heavily wounded.
You feel sick. The water moccasin barely misses you.
The water moccasin bites you!
You die...

..........#
..........##
...........#
#..).......#
##.........#
#.........###
###.........####
#........#....####
#.###....####.@So#
.. ##..##
####.).... ###
#)... ... .


You could see a water moccasin and an orc.

Vanquished Creatures
  A killer bee (D:4)
  A gnoll (D:1)
  An adder (D:3)
  A white imp (D:3)
  A dart slug (D:3)
  2 bats (D:2)
  6 endoplasms
  4 giant cockroaches
  5 goblins
  3 hobgoblins
  3 jackals (D:2)
  5 quokkas
  2 ball pythons (D:2)
  2 frilled lizards
  A goblin skeleton (D:3)
  3 goblin zombies (D:3)
  2 hobgoblin zombies (D:3)
  2 kobolds (D:1)
  A kobold skeleton (D:3)
  A kobold zombie (D:3)
  3 rats
50 creatures vanquished.

Vanquished Creatures (collateral kills)
  A jackal (D:2)
  A ball python (D:2)
2 creatures vanquished.

Grand Total: 52 creatures vanquished

Notes
Turn   | Place    | Note
-------+----------+-------------------------------------------
     0 | D:1      | BubbleThief the Demonspawn Necromancer began the quest for
                  | the Orb.
     0 | D:1      | Reached XP level 1. HP: 13/13 MP: 3/3
   743 | D:1      | Gained mutation: You have a pair of small horns on your
                  | head. [demonic ancestry]
   743 | D:1      | Reached XP level 2. HP: 19/19 MP: 3/5
   844 | D:1      | Reached skill level 5 in Necromancy
  1388 | D:2      | Reached XP level 3. HP: 24/24 MP: 0/6
  2650 | D:3      | Reached XP level 4. HP: 28/30 MP: 8/8
  3168 | D:4      | Learned a level 3 spell: Vampiric Draining
  3173 | D:4      | Learned a level 4 spell: Animate Dead
  3202 | D:4      | Noticed a water moccasin
  3208 | D:4      | Reached skill level 6 in Necromancy
  3210 | D:4      | Slain by a water moccasin

Illustrated notes

Levels and vault maps discovered:
D:1:      heliophobic_arrival_enchanted_forest, layout_basic, serial_park_tiny_2
D:2:      layout_loops_cross, kennysheep_pointless_box
D:3:      wander_river, layout_basic, nicolae_tso_besieged_by_evil
D:4:      layout_cave_pods, uniq_blork_the_orc

Skill      XL: |  1  2  3  4 |
---------------+-------------+-----
Necromancy     | 5 6 |  6.1
Spellcasting   | 3 |  3.1
Dodging        | |  1.7
Stealth        | |  1.7

Action                     |  1- 3 |  4- 6 || total
---------------------------+-------+-------++-------
  Melee: Unarmed           |    26 |       ||    26
         Dagger            |     5 |       ||     5
         Great sword       |    26 |     5 ||    31
         Headbutt          |     4 |     2 ||     6
   Cast: Necrotise         |    68 |    13 ||    81
    Use: Potion            |     1 |       ||     1
 Armour: Robe              |    10 |     1 ||    11
  Dodge: Dodged            |    46 |     7 ||    53

Table legend: (Time is in decaauts)
 A = Elapsed time spent in this place.
 B = Non-inter-level travel time spent in this place.
 C = Inter-level travel time spent in this place.
 D = Time resting spent in this place.
 E = Time spent auto-exploring this place.
 F = Levels seen in this place.
 G = Mean time per level.
                   A        B        C        D        E       F      G
               +--------+--------+--------+--------+--------+-----+--------+
         Total |   3231 |   3093 |    138 |     51 |   2612 |   4 |  807.8 |
       Dungeon |   3231 |   3093 |    138 |     51 |   2612 |   4 |  807.8 |
               +--------+--------+--------+--------+--------+-----+--------+

Top non-repeatable levels by time:
     D:1: 1101 daAuts
     D:2: 1053 daAuts
     D:3: 962 daAuts
     D:4: 114 daAuts
